 Dungeon Crawl Stone Soup version 0.30.0-19-g36f170ea60 (webtiles) character file.

Game seed: 8169628510677813987

886 GimliDwarf the Ruffian (level 7, -8/57 HPs)
             Began as a White Draconian Transmuter on June 1, 2023.
             Was an Initiate of Hepliaklqana.
             Killed by divine providence
             ... invoked by an orc priest
              (12 damage)
             ... on level 5 of the Dungeon.
             The game lasted 00:22:18 (4261 turns).

GimliDwarf the Ruffian (White Draconian Transmuter) Turns: 4261, Time: 00:22:19

Health: -8/57      AC: 16    Str: 15    XL:     7   Next: 77%
Magic:  12/12      EV: 17    Int: 13    God:    Hepliaklqana [......]
Gold:   250        SH:  4    Dex: 11    Spells: 5/13 levels left

rFire   . .          .
                       - Unarmed
rCold   + . .        r - +0 buckler
rNeg    . . .        (body armour unavailable)
rPois   .            (helmet restricted)
rElec   .            i - +2 cloak
rCorr   .            e - +1 pair of gloves
SInv    .            k - +0 pair of boots
Will    .....        (no amulet)
Stlth   +            m - +5 ring of evasion
HPRegen 0.29/turn    s - +4 ring of protection
MPRegen 0.13/turn

%: no passive effects
@: no status effects
A: breathe frost, AC +6, unfitting armour, cold resistance 1, cold-blooded
a: Breathe Frost, Renounce Religion


You were on level 5 of the Dungeon.
You worshipped Hepliaklqana.
Hepliaklqana was noncommittal.
You visited 2 branches of the dungeon, and saw 6 of its levels.

You collected 250 gold pieces.

Inventory:

Armour
 e - a +1 pair of gloves (worn)
 i - a +2 cloak (worn)
 k - a +0 pair of boots (worn)
 r - a +0 buckler (worn)
Jewellery
 l - a +6 ring of dexterity
 m - a +5 ring of evasion (left hand)
 s - a +4 ring of protection (right hand)
Wands
 q - a wand of quicksilver (8)
Scrolls
 b - a scroll of identify
 f - 2 scrolls of poison {unknown}
Potions
 a - a potion of lignification
 c - 2 potions of attraction
 d - 9 potions of curing
 g - 2 potions of brilliance
 j - 2 potions of mutation
 n - a potion of flight
 o - a potion of berserk rage
 p - a potion of degeneration
 t - a potion of cancellation


   Skills:
 * Level 3.6 Fighting
 * Level 3.7 Dodging
 * Level 1.6 Shields
 + Level 4.8 Unarmed Combat
 + Level 3.5 Spellcasting
 + Level 4.5 Transmutations
 * Level 2.1 Poison Magic


You had 5 spell levels left.
You knew the following spells:

 Your Spells              Type           Power      Damage    Failure   Level
a - Beastly Appendage     Tmut           28%        N/A       4%          1
b - Wereblood             Tmut           14%        N/A       7%          2
c - Passwall              Tmut/Erth      6%         N/A       17%         2
d - Spider Form           Tmut/Pois      11%        N/A       22%         3

Your spell library contained the following spells:

 Spells                   Type           Power      Damage    Failure   Level
 Ensorcelled Hibernation  Hex/Ice        4%         N/A       41%         2
 Hailstorm                Conj/Ice       2%         3d3       65%         3
 Swiftness                Air            2%         N/A       65%         3
 Tukima's Dance           Hex            2%         N/A       65%         3
 Ice Form                 Ice/Tmut       8%         N/A       75%         4
 Passage of Golubria      Tloc           2%         N/A       96%         4
 Yara's Violent Unravell  Hex/Tmut       4%         3d4       97%         5
 Simulacrum               Ice/Necr       1%         N/A       100%        6


Dungeon Overview and Level Annotations

Branches:
Dungeon (5/15)             Temple (1/1) D:5

Altars:
Ashenzari
Cheibriados
Dithmenos
Elyvilon
Fedhas
Gozag
Hepliaklqana
Kikubaaqudgha
Makhleb
Nemelex Xobeh
Okawaru
Qazlal
Ru
Trog
Uskayaw
Vehumet
Wu Jian
Xom
Yredelemnul
Zin
The Shining One


Innate Abilities, Weirdness & Mutations

You can breathe waves of freezing cold which knock back foes.
Your icy white scales are hard. (AC +6)
You cannot fit into any form of body armour.
Your flesh is cold resistant. (rC+)
You are cold-blooded and may be slowed by cold attacks.


Message History

Beogh smites you! You block the gnoll's attack.
The orc priest invokes the aid of Beogh against you.
Beogh smites you!
Items here: )) [ ††.
You hit the gnoll.
The gnoll is moderately wounded.
The gnoll hits you with a +0 halberd!
* * * LOW HITPOINT WARNING * * *
The orc priest mumbles some strange prayers to Beogh against you.
Beogh smites you!
* * * LOW HITPOINT WARNING * * *
You feel much better. The gnoll hits you with a +0 halberd.
The gnoll attacks as you move away! The gnoll closely misses you.
The gnoll misses you.
The orc priest calls down the wrath of Beogh upon you.
Beogh smites you!
* * * LOW HITPOINT WARNING * * *
The orc shouts!
Your transformation is almost over.
Your primal bloodlust is almost over.
The orc attacks as you move away! You block the orc's attack.
The orc attacks as you move away! The orc hits you with a +0 dagger.
* * * LOW HITPOINT WARNING * * *
The orc attacks as you move away! You block the orc's attack.
Your horns disappear.
Your talons disappear.
Your +0 pair of boots unmelds from your body.
The orc attacks as you move away! The orc hits you but does no damage.
Your primal bloodlust has ended.
The orc attacks as you move away! The orc misses you.
The orc attacks as you move away! You block the orc's attack.
The orc priest mumbles some strange prayers to Beogh against you.
Beogh smites you!
* * * LOW HITPOINT WARNING * * *
The orc attacks as you move away! The orc hits you but does no damage.
The orc attacks as you move away! The orc hits you but does no damage.
The orc attacks as you move away! The orc barely misses you.
The orc priest calls down the wrath of Beogh upon you.
Beogh smites you!
You die...

.....# #.# #...##..............
.....# #.#####............##.....
....####..##.#.#..........#..##..
#)#.....................###.###..
#.#...#####.............##..##...
o.#.#..#####.##......#......##..#
.##.#..#.#....###.<..#......#...#
##............##..............###
#....##.......@...)...###...#
#.#.##.....##o.........##..##
#.#.##.....g...........##..####
#...#####.[#...........###....#
###......o.......................
#............≈≈≈≈≈............)..
#..........≈≈≈≈≈≈≈≈≈.....#.###)..
..###....≈≈≈≈≈≈≈≈≈≈≈≈≈.....##)...
.###..#.≈≈≈≈≈≈≈≈≈≈≈≈≈≈≈..........


You could see an orc priest, a gnoll and an orc.

Vanquished Creatures
  A black bear (D:5)
  A centaur (D:5)
  3 scorpions
  2 hounds
  A jelly (D:5)
  2 gnoll boudas (D:5)
  4 iguanas
  6 adders
  6 gnolls
  2 ufetubi
  2 worms (D:2)
  2 dart slugs
  5 orcs
  9 ball pythons
  9 bats
  7 endoplasms
  A giant cockroach (D:1)
  8 hobgoblins
  2 jackals (D:2)
  6 kobolds
  5 quokkas
  4 frilled lizards
  9 goblins
  8 rats
105 creatures vanquished.

Vanquished Creatures (collateral kills)
  A phantom (D:4)
  A kobold (D:4)
2 creatures vanquished.

Grand Total: 107 creatures vanquished

Notes
Turn   | Place    | Note
-------+----------+-------------------------------------------
     0 | D:1      | GimliDwarf the Draconian Transmuter began the quest for the
                  | Orb.
     0 | D:1      | Reached XP level 1. HP: 16/16 MP: 3/3
   140 | D:1      | Reached XP level 2. HP: 22/23 MP: 3/5
   433 | D:1      | Learned a level 2 spell: Wereblood
   702 | D:1      | Reached XP level 3. HP: 29/29 MP: 4/6
  1128 | D:2      | Learned a level 2 spell: Wereblood
  1374 | D:2      | Reached XP level 4. HP: 20/36 MP: 4/7
  1520 | D:2      | Found a faded altar of an unknown god.
  2408 | D:3      | Reached XP level 5. HP: 42/42 MP: 4/9
  2431 | D:3      | Identified the +0 ring mail "Forph" {Will++ Str-2 Stlth+}
  2611 | D:4      | Learned a level 2 spell: Passwall
  2615 | D:4      | Learned a level 3 spell: Spider Form
  2761 | D:4      | Noticed a phantom
  2777 | D:4      | Killed a phantom
  2878 | D:4      | Reached XP level 6. HP: 50/50 MP: 10/10
  2921 | D:4      | Reached skill level 1 in Poison Magic
  3151 | D:5      | Entered Level 5 of the Dungeon
  3151 | D:5      | Found a snail-covered altar of Cheibriados.
  3396 | D:5      | Your scales start taking on an icy white colour.
  3396 | D:5      | Reached XP level 7. HP: 57/57 MP: 8/11
  3396 | D:5      | Gained mutation: Your flesh is cold resistant. (rC+) [White
                  | Draconian growth]
  3496 | D:5      | Reached skill level 1 in Shields
  3904 | D:5      | Found a staircase to the Ecumenical Temple.
  3928 | Temple   | Entered the Ecumenical Temple
  4143 | Temple   | Became a worshipper of Hepliaklqana the Forgotten
  4231 | D:5      | HP: 1/57 [orc priest/divine providence (10)]
  4261 | D:5      | Killed from afar by an orc priest

Illustrated notes

Levels and vault maps discovered:
D:1:      ncdulo_watergridlock, layout_basic, minivault_19,
          minmay_indecisive_spiral
D:2:      layout_basic, hellmonk_ecumenical_altar_pennies_from_heaven
D:3:      layout_basic
D:4:      layout_rooms
D:5:      layout_cave_pools, cheibriados_altar_1, temple_pool_b
Temple:   nicolae_temple_bog_church

Skill      XL: |  1  2  3  4  5  6  7 |
---------------+----------------------+-----
Dodging        | 2 3 |  3.7
Fighting       | 2 3 |  3.6
Transmutations | 3 4 |  4.5
Unarmed Combat | 4 |  4.8
Spellcasting   | 3 |  3.5
Poison Magic   | 1 2 |  2.1
Shields        | 1 |  1.6

Action                     |  1- 3 |  4- 6 |  7- 9 || total
---------------------------+-------+-------+-------++-------
  Melee: Unarmed           |   114 |   127 |    89 ||   330
         Headbutt          |    11 |    15 |    10 ||    36
         Kick              |    15 |    31 |    20 ||    66
         Punch             |     4 |     1 |       ||     5
         Tailslap          |    10 |    22 |    13 ||    45
   Cast: Beastly Appendage |    23 |    26 |     8 ||    57
         Wereblood         |     3 |     4 |     5 ||    12
    Use: Scroll            |     6 |     5 |     4 ||    15
         Potion            |       |       |     1 ||     1
   Stab: Sleeping          |       |     1 |       ||     1
 Armour: Skin              |    48 |    46 |    38 ||   132
  Dodge: Dodged            |   105 |   118 |   130 ||   353
  Block: Buckler           |       |     3 |    29 ||    32
